 Dungeon Crawl Stone Soup version 0.22-a0-608-g8a62e23 (webtiles) character file.

376 Hebeh the Magician (level 6, -7/35 HPs)
             Began as a Deep Elf Fire Elementalist on July 9, 2018.
             Was an Initiate of Vehumet.
             Killed from afar by a goblin (42 damage)
             ... with an exploding inner flame
             ... hexed by the player character
             ... on level 4 of the Dungeon.
             The game lasted 00:17:47 (3939 turns).

Hebeh the Magician (Deep Elf Fire Elementalist)     Turns: 3939, Time: 00:17:48

Health: -7/35      AC:  2    Str:  6    XL:     6   Next: 44%
Magic:  10/16      EV: 13    Int: 21    God:    Vehumet [......]
Gold:   153        SH:  0    Dex: 15    Spells: 7/16 levels left

rFire    . . .     SeeInvis .   b - +0 hunting sling
rCold    . . .     Gourm    .   (no shield)
rNeg     . . .     Faith    .   d - +0 robe
rPois    .         Spirit   .   (no helmet)
rElec    .         Reflect  .   (no cloak)
rCorr    .         Harm     .   (no gloves)
MR       .....                  (no boots)
Stlth    ++........             p - amulet of regeneration
HPRegen  0.51/turn              (no ring)
MPRegen  0.15/turn              (no ring)

@: no status effects
A: no striking features
a: Renounce Religion


You were on level 4 of the Dungeon.
You worshipped Vehumet.
Vehumet was noncommittal.
You were hungry.

You visited 2 branches of the dungeon, and saw 5 of its levels.

You collected 203 gold pieces.
You spent 50 gold pieces at shops.

Inventory:

Hand Weapons
 a - a +0 short sword
 b - a +0 hunting sling (weapon)
Missiles
 i - 19 sling bullets (quivered)
 o - 227 stones
 t - 6 javelins
Armour
 d - a +0 robe (worn)
Jewellery
 p - an amulet of regeneration (around neck)
Scrolls
 e - a scroll of enchant weapon {unknown}
 k - 5 scrolls of remove curse
 l - 2 scrolls of teleportation
 r - a scroll of identify
 v - a scroll of magic mapping
Potions
 f - a potion of berserk rage {unknown}
 g - 3 potions of curing
 j - 2 potions of might {unknown}
 m - 3 potions of haste
 n - 2 potions of magic
 q - a potion of resistance {unknown}
 s - a potion of lignification {unknown}
 u - 2 potions of heal wounds
Comestibles
 c - 8 rations


   Skills:
 + Level 1.6 Fighting
 - Level 2.4 Dodging
 - Level 2.4 Stealth
 * Level 5.5 Spellcasting
 * Level 3.8 Conjurations
 * Level 5.1 Fire Magic


You had 7 spell levels left.
You knew the following spells:

 Your Spells              Type           Power        Failure   Level  Hunger
a - Flame Tongue          Conj/Fire      ###..        1%          1    None
b - Throw Flame           Conj/Fire      ###...       2%          2    None
c - Conjure Flame         Conj/Fire      ###.....     4%          3    ##.....
d - Inner Flame           Hex/Fire       ###.....     11%         3    ##.....

Your spell library contained the following spells:

 Spells                   Type           Power        Failure   Level  Hunger
 Fireball                 Conj/Fire      ###.......   41%         5    #####..
 Sticky Flame             Conj/Fire      ###.....     16%         4    ####...


Dungeon Overview and Level Annotations

Branches:
Dungeon (4/15)             Temple (1/1) D:4

Altars:
Ashenzari
Cheibriados
Dithmenos
Fedhas
Gozag
Makhleb
Okawaru
Qazlal
Sif Muna
Uskayaw
Vehumet
Wu Jian
Yredelemnul
Zin
The Shining One

Shops:
D:4 !


Message History

Vehumet accepts your kill.
You hear a shout! x2
Something unseen opens the door.
A hobgoblin comes into view. It is wielding a club. x2
Casting: Flame Tongue (safe; 1% risk of failure)
Confirm with . or Enter, or press ? or * to list all spells.
Aiming: Flame Tongue (safe; 1% risk of failure)
Press: ? - help, Shift-Dir - straight line, f - goblin
Aim: a goblin, wielding a club (inner flame)
The flame tongue misses the goblin.
The goblin misses you.
Casting: Flame Tongue (safe; 1% risk of failure)
Confirm with . or Enter, or press ? or * to list all spells.
Aiming: Flame Tongue (safe; 1% risk of failure)
Press: ? - help, Shift-Dir - straight line, f/p - goblin
Aim: a goblin, wielding a club (inner flame)
The flame tongue hits the goblin.
The goblin explodes!
The fiery explosion engulfs you!
Ouch! That really hurt!
You die...

#...##.####.#####.####.####.##
...###.####.#####.##...(.....#
...............##......####..####
##.###...##.##.#..###..# #......
#.# #.#.##.##.#.## ##.####..####
##.# #.#)##.##...# #...##.## ...#
#.#.##.#..### +####..#.# ####
#.#.##.#.##§#g..# ##.#.#
#.#.##.).'.@§g..+ #.#.#
#.#.##...##§#g..# ##.#.# .###
#.#.####..### g####..#.# ...#
#...........# .#....#.#
.#.###.........#.## ##.#.##.#
.....##..#######..###..#.##.#
.#...##..# #......##....###
.....##..#######..............#
.....(............#####...###.#


You could see 4 hobgoblins.

Vanquished Creatures
  A phantom (D:4)
  An ogre (D:4)
  A scorpion (D:4)
  A centaur skeleton (D:4)
  A worker ant (D:4)
  2 adders
  A gnoll (D:1)
  A dart slug (D:1)
  6 orcs
  4 giant cockroaches
  11 hobgoblins
  6 kobolds
  4 quokkas
  7 bats
  5 frilled lizards
  11 goblins
  4 rats (D:2)
67 creatures vanquished.

Notes
Turn   | Place    | Note
-------+----------+-------------------------------------------
     0 | D:1      | Hebeh the Deep Elf Fire Elementalist began the quest for the Orb.
     0 | D:1      | Reached XP level 1. HP: 10/10 MP: 6/6
   241 | D:1      | Reached XP level 2. HP: 15/15 MP: 4/8
   575 | D:1      | Reached XP level 3. HP: 20/20 MP: 5/10
  1962 | D:3      | Reached XP level 4. HP: 24/24 MP: 12/12
  2840 | D:3      | Learned a level 2 spell: Throw Flame
  2844 | D:3      | Learned a level 3 spell: Conjure Flame
  2848 | D:3      | Learned a level 3 spell: Inner Flame
  3040 | D:4      | Reached skill level 1 in Fighting
  3142 | D:4      | Found a staircase to the Ecumenical Temple.
  3181 | D:4      | Reached XP level 5. HP: 14/29 MP: 8/14
  3264 | Temple   | Entered the Ecumenical Temple
  3293 | Temple   | Became a worshipper of Vehumet
  3322 | D:4      | Noticed an ogre
  3336 | D:4      | Killed an ogre
  3336 | D:4      | Reached skill level 5 in Spellcasting
  3497 | D:4      | Found Qos Qisui's Distillery.
  3504 | D:4      | Bought a potion of heal wounds for 50 gold pieces
  3718 | D:4      | Noticed a phantom
  3750 | D:4      | Killed a phantom
  3750 | D:4      | Reached skill level 5 in Fire Magic
  3750 | D:4      | Reached XP level 6. HP: 23/34 MP: 4/16
  3939 | D:4      | Killed from afar by a goblin

Vault maps used:
D:1:      dpeg_arrival_morbid_curiosity
D:3:      minivault_5
D:4:      cheibrodos_greedy_goblins, minmay_temple_entry_water_ring,
          serial_shops, shop
Temple:   grunt_wide_crystal_templ

Skill      XL: |  1  2  3  4  5 |
---------------+----------------+-----
Conjurations   | 2 3 |  3.8
Fire Magic     | 4 5 |  5.1
Spellcasting   | 4 5 |  5.5
Fighting       | 1 |  1.6
Dodging        | |  2.4
Stealth        | |  2.4

Action                   |  1- 3 |  4- 6 || total
-------------------------+-------+-------++-------
Melee: Short sword       |       |    10 ||    10
 Fire: Hunting sling     |    20 |    36 ||    56
Throw: Stone             |    34 |       ||    34
       Javelin           |       |     1 ||     1
 Cast: Flame Tongue      |    56 |    49 ||   105
       Conjure Flame     |       |     3 ||     3
       Throw Flame       |       |     4 ||     4
       Inner Flame       |       |     1 ||     1
  Use: Scroll            |     7 |     3 ||    10
  Eat: Chunk             |     3 |     2 ||     5
       Ration            |       |     1 ||     1
Armor: Robe              |     2 |     4 ||     6
Dodge: Dodged            |    12 |    16 ||    28

Table legend:
 A = Spawn XP
 B = Non-spawn XP
 C = Spawn XP percentage of total XP
 D = Spawn monster count
 E = Non-spawn monster count
 F = Spawn count percentage of total count
 G = Total turns spent on level
                    A         B        C        D         E        F      G
               +---------+---------+-------+---------+---------+-------+---------
         Total |       0 |     538 |   0.0 |       0 |      67 |   0.0 |  3939
               +---------+---------+-------+---------+---------+-------+---------
           D:1 |       0 |      51 |   0.0 |       0 |      21 |   0.0 |   946
           D:2 |       0 |      37 |   0.0 |       0 |      16 |   0.0 |   900
           D:3 |       0 |      31 |   0.0 |       0 |      15 |   0.0 |  1035
           D:4 |       0 |     419 |   0.0 |       0 |      15 |   0.0 |  1011
               +---------+---------+-------+---------+---------+-------+---------
